 Dungeon Crawl Stone Soup version 0.26.0-10-g1f06aea511 (webtiles) character file.

Game seed: 7206886655457070393

9256 dohliylev the Protected (level 11, -5/92 (102) HPs)
             Began as a Minotaur Berserker on Jan 17, 2021.
             Was a High Priest of Trog.
             Slain by Urug
             ... wielding a +5 falchion of draining
              (11 damage)
             ... on level 10 of the Dungeon.
             The game lasted 00:27:00 (9769 turns).

dohliylev the Protected (Minotaur Berserker)        Turns: 9769, Time: 00:27:01

HP:   -5/92 (102)   AC: 19    Str: 32    XL:     11   Next: 20%
MP:   10/10         EV: 11    Int:  4    God:    Trog [*****.]
Gold: 250           SH:  5    Dex:  9    Spells: 10/10 levels left

rFire    . . .     SeeInvis .   N - +0 battleaxe "Ybla" {vorpal, rN+}
rCold    . . .     Faith    .   (shield currently unavailable)
rNeg     + . .     Spirit   .   J - +0 plate armour
rPois    .         Reflect  +   (helmet restricted)
rElec    .         Harm     .   j - +0 cloak
rCorr    .         Rampage  .   K - +1 pair of gloves
Will     +++..                  (no boots)
Stlth    ..........             C - amulet of reflection
HPRegen  1.25/turn              z - +6 ring of strength
MPRegen  0.12/turn              L - ring of willpower

@: marked, berserk cooldown, regenerating, slowed, drained, very slow
A: retaliatory headbutt, horns 2
a: Renounce Religion, Berserk, Trog's Hand, Brothers in Arms


You were on level 10 of the Dungeon.
You worshipped Trog.
Trog was extremely pleased with you.
You visited 1 branch of the dungeon, and saw 10 of its levels.
You also visited: Sewer and Ossuary.

You collected 642 gold pieces.
You spent 392 gold pieces at shops.

Inventory:

Hand Weapons
 a - a +1 hand axe
 N - the +0 battleaxe "Ybla" (weapon) {vorpal, rN+}
   (Trog gifted it to you on level 10 of the Dungeon)

   It inflicts extra damage upon your enemies.
   It protects you from negative energy.
Armour
 j - a +0 cloak (worn)
 r - a +3 scale mail of willpower
 B - a +0 kite shield
 I - +0 steam dragon scales
 J - a +0 plate armour (worn)
 K - a +1 pair of gloves (worn)
Jewellery
 g - an uncursed ring of protection from cold
 u - an uncursed ring of protection from cold
 z - a +6 ring of strength (left hand)
 C - an amulet of reflection (around neck)
 E - an uncursed ring of protection from fire
 L - a ring of willpower (right hand)
 M - an uncursed amulet of guardian spirit
Wands
 m - a wand of random effects (18)
 v - a wand of polymorph (17)
 D - a wand of disintegration (20)
Scrolls
 e - 6 scrolls of identify
 k - 5 scrolls of enchant armour
 l - 3 scrolls of teleportation
 n - 2 scrolls of enchant weapon
 q - 5 scrolls of remove curse
 t - 6 scrolls of fog
 x - 2 scrolls of fear
 y - 3 scrolls of magic mapping
 G - a scroll of brand weapon {unknown}
 H - a scroll of summoning {unknown}
Potions
 b - 3 potions of attraction {unknown}
 c - a potion of ambrosia
 d - 6 potions of heal wounds {unknown}
 f - 3 potions of lignification {unknown}
 h - 2 potions of flight {unknown}
 i - 4 potions of brilliance {unknown}
 o - 6 potions of magic {unknown}
 p - 9 potions of curing {unknown}
 s - 5 potions of might {unknown}
 w - 6 potions of haste {unknown}
 A - a potion of mutation {unknown}
 F - a potion of invisibility {unknown}


   Skills:
 + Level 11.3 Fighting
 - Level 9.1 Axes
 + Level 11.4 Armour
 + Level 8.0 Dodging
 + Level 7.4 Shields


You had 10 spell levels left.
You didn't know any spells.
Your spell library was empty.

Dungeon Overview and Level Annotations

Branches:
Dungeon (10/15)            Temple (0/1) D:7           Sewer (visited)
Ossuary (visited)
   Lair: D:8-11         Orc: D:9-12

Altars:
Ashenzari
Cheibriados
Dithmenos
Fedhas
Hepliaklqana
Nemelex Xobeh
Okawaru
Ru
Sif Muna
Vehumet
Xom
Zin
The Shining One
Beogh

Shops:
D:5 *   D:6 *   D:8 *

Portals:
Abyss: D:3

Annotations:
D:10 Urug


Innate Abilities, Weirdness & Mutations

You reflexively headbutt those who attack you in melee.
You have a pair of horns on your head.


Message History

Urug is moderately wounded.
Urug screams, "Bird-brain!"
Urug hits you but does no damage. You partially resist.
Your skin crawls.
You feel strong-willed.
Urug hits you with a +5 falchion of draining!
You partially resist.
You feel drained.
Urug hits you with a +5 falchion of draining!
* * * LOW HITPOINT WARNING * * *
You partially resist.
You feel drained.
* * * LOW HITPOINT WARNING * * *
You closely miss Urug. You headbutt Urug, but do no damage.
Urug is moderately wounded.
Urug hits you with a +5 falchion of draining!!
* * * LOW HITPOINT WARNING * * *
You partially resist.
You feel drained.
* * * LOW HITPOINT WARNING * * *
Your iron troll goes berserk!
Urug hits you with a +5 falchion of draining!
You die...

......................
.#.....................
..#........<#.#.......
......(...).)# #......
...........))###....#
†...................#
((........)...?.T...#
()..................## #
...............o@....#### ..#
.....##...............#.#....
......#......##.............#
)....#.....####......(.......
.....##..######....#####.....
...................#####..#..
........††................
..........................
.#.##.............#.......


You could see Urug (resistant) and a friendly iron troll (summoned, berserk).

Vanquished Creatures
  Harold (D:10)
  A boulder beetle (D:9)
  A two-headed ogre (D:9)
  Prince Ribbit (D:6)
  Sigmund (D:6)
  3 yaks (D:9)
  Grum (D:10)
  The ghost of IHuginn the Poker, an amateur MfGl (D:3)
  A steam dragon (D:7)
  A small abomination (D:3)
  A water moccasin (D:6)
  3 sky beasts
  A black bear (D:10)
  11 ogres
  6 orc warriors
  An ice beast (D:10)
  3 centaurs
  5 phantoms
  3 wolves (D:10)
  3 big kobolds
  5 bullfrogs
  6 water moccasin zombies (Ossuary)
  2 scorpions
  8 killer bees (D:7)
  3 howler monkeys (D:10)
  6 hounds
  A quasit (D:3)
  A bullfrog zombie (D:8)
  2 jellies
  3 orc priests
  3 iguanas
  6 orc wizards
  12 worker ants
  A big kobold zombie (Ossuary)
  2 mummies (Ossuary)
  A hound zombie (D:10)
  A hound skeleton (D:8)
  A worker ant zombie (D:3)
  8 gnolls
  2 howler monkey skeletons (D:9)
  18 adders
  7 river rats (Sewer)
  2 shadow imps
  3 white imps
  4 ufetubi
  An ooze (Sewer)
  2 adder zombies (Ossuary)
  2 adder skeletons
  2 worms
  4 dart slugs
  4 leopard geckos
  48 orcs
  14 ball pythons
  4 bats
  13 giant cockroaches
  6 goblins
  13 hobgoblins
  16 jackals
  5 quokkas
  4 frilled lizards
  3 gnoll zombies (Ossuary)
  5 hobgoblin zombies (Ossuary)
  23 kobolds
  4 kobold zombies (Ossuary)
  A leopard gecko zombie (D:5)
  2 orc zombies (Ossuary)
  A quokka skeleton (D:5)
  A quokka zombie (D:4)
  34 rats
369 creatures vanquished.

Vanquished Creatures (others)
  A bush (D:2)
  11 plants
12 creatures vanquished.

Grand Total: 381 creatures vanquished

Notes
Turn   | Place    | Note
-------+----------+-------------------------------------------
     0 | D:1      | dohliylev the Minotaur Berserker began the quest for the
                  | Orb.
     0 | D:1      | Reached XP level 1. HP: 19/19 MP: 0/0
   162 | D:1      | Reached XP level 2. HP: 23/27 MP: 1/1
   693 | D:1      | Reached ** piety under Trog
   694 | D:1      | Reached XP level 3. HP: 27/33 MP: 2/2
  1335 | D:2      | Found a shimmering blue altar of Sif Muna.
  1595 | D:2      | Reached XP level 4. HP: 29/41 MP: 3/3
  1776 | D:2      | Noticed an ogre
  1778 | D:2      | Reached *** piety under Trog
  1785 | D:2      | Killed an ogre
  1786 | D:2      | Reached skill level 5 in Fighting
  1786 | D:2      | Reached skill level 5 in Axes
  1786 | D:2      | Reached XP level 5. HP: 48/48 MP: 4/4
  2361 | D:3      | Found a sacrificial altar of Ru.
  2551 | D:3      | Found a one-way gate to the infinite horrors of the Abyss.
  2551 | D:3      | Noticed IHuginn's ghost (amateur MfGl)
  2552 | D:3      | Found a transporter.
  2565 | D:3      | Noticed a small abomination
  2585 | D:3      | Found a transporter.
  3088 | D:3      | Reached XP level 6. HP: 54/56 MP: 5/5
  3112 | D:3      | Killed a small abomination
  3114 | D:3      | Killed IHuginn's ghost
  3115 | D:3      | Reached XP level 7. HP: 61/61 MP: 6/6
  3341 | D:4      | Found a sand-covered staircase.
  3350 | D:4      | Reached skill level 5 in Dodging
  3363 | Ossuary  | Entered an ossuary
  3460 | Ossuary  | Reached **** piety under Trog
  3461 | Ossuary  | Reached skill level 5 in Armour
  3472 | Ossuary  | Reached XP level 8. HP: 44/70 MP: 7/7
  3615 | D:4      | Found a glowing drain.
  3649 | Sewer    | Entered a sewer
  4246 | Sewer    | Reached ***** piety under Trog
  5126 | D:5      | Entered Level 5 of the Dungeon
  5258 | D:5      | Found an iron altar of Okawaru.
  5526 | D:5      | Found a snail-covered altar of Cheibriados.
  5615 | D:5      | Found Vauschuabb's Assorted Antiques.
  5624 | D:5      | Bought a scroll of identify for 48 gold pieces
  5624 | D:5      | Bought a scroll of enchant weapon for 180 gold pieces
  5796 | D:6      | Noticed Sigmund
  5802 | D:6      | Killed Sigmund
  5803 | D:6      | Reached XP level 9. HP: 79/79 MP: 8/8
  5840 | D:6      | Found Saciab's General Store.
  5848 | D:6      | Bought a scroll of identify for 22 gold pieces
  6093 | D:6      | Noticed Prince Ribbit
  6108 | D:6      | Killed Prince Ribbit
  6390 | D:6      | Found a snail-covered altar of Cheibriados.
  6442 | D:6      | Found a shimmering altar of Xom.
  6442 | D:6      | Found a broken altar of Ashenzari.
  6535 | D:6      | Found a glowing silver altar of Zin.
  6689 | D:7      | Reached skill level 1 in Shields
  7113 | D:7      | Found a staircase to the Ecumenical Temple.
  7409 | D:7      | Found a sparkling altar of Nemelex Xobeh.
  7551 | D:7      | Reached XP level 10. HP: 68/91 MP: 9/9
  7695 | D:8      | Found a roughly hewn altar of Beogh.
  8110 | D:8      | Found a blossoming altar of Fedhas.
  8218 | D:8      | Reached skill level 10 in Armour
  8242 | D:8      | Reached ****** piety under Trog
  8360 | D:8      | Reached skill level 10 in Fighting
  8394 | D:8      | Found a hazy altar of Hepliaklqana.
  8649 | D:8      | Found Duroucvu's General Store.
  8660 | D:8      | Bought a scroll of identify for 30 gold pieces
  8660 | D:8      | Bought a scroll of enchant armour for 112 gold pieces
  8694 | D:8      | Found a shadowy altar of Dithmenos.
  8959 | D:9      | Found a radiant altar of Vehumet.
  8974 | D:9      | Noticed a boulder beetle
  9006 | D:9      | Killed a boulder beetle
  9007 | D:9      | Reached skill level 5 in Shields
  9093 | D:9      | Noticed a two-headed ogre
  9101 | D:9      | Killed a two-headed ogre
  9448 | D:9      | Found a glowing golden altar of the Shining One.
  9566 | D:10     | Entered Level 10 of the Dungeon
  9570 | D:10     | Received a gift from Trog
  9576 | D:10     | Got a smoking battleaxe {god gift}
  9589 | D:10     | Identified the +0 battleaxe "Ybla" {vorpal, rN+} (Trog
                  | gifted it to you on level 10 of the Dungeon)
  9612 | D:10     | Reached XP level 11. HP: 102/102 MP: 10/10
  9612 | D:10     | Noticed Grum
  9626 | D:10     | Killed Grum
  9740 | D:10     | Noticed Harold
  9754 | D:10     | Killed Harold
  9757 | D:10     | Noticed Urug
  9768 | D:10     | HP: 4/92 [Urug/+5 falchion of draining (2)]
  9769 | D:10     | Slain by Urug

Illustrated notes

Levels and vault maps discovered:
D:1:      tarquinn_simple_flora_water_a, layout_basic, kennysheep_crisscross,
          minmay_unequal
D:2:      layout_loops_ring, nicolae_overflow_crystal_walls, serial_forest,
          infiniplex_forest_lined_room_3, infiniplex_forest_lined_room_,
          infiniplex_forest_lined_1, infiniplex_forest_lined_room_2,
          infiniplex_forest_lined_room_3, infiniplex_forest_zigzag_2,
          infiniplex_forest_end_2, infiniplex_forest_end_double,
          infiniplex_forest_end_3, infiniplex_forest_clump_curved
D:3:      layout_basic, nicolae_ru_sacrificial_ziggurat,
          gammafunk_ghost_abyssal_escape, minmay_surrounded
D:4:      layout_loops_ring, enter_ossuary_1, gup_sewer_entry_glass
D:5:      layout_gridville, okawaru_metal_pillars_1_2, serial_shops,
          nicolae_shop_overgrown_old_shop, kennysheep_slug_shrine
D:6:      layout_gridville, kennysheep_little_box,
          gammafunk_temple_overflow_statue, zin_statuary, serial_shops, shop,
          minmay_crossroads, uniq_prince_ribbit1, uniq_sigmund
D:7:      layout_gridville, kennysheep_mini_moat, minmay_temple_entry_slanted,
          minmay_increasing_density
D:8:      layout_basic, fedhas_altar_fruit_tree, grunt_dithmenos_shadows,
          serial_shops, shop, special_room [special_room_orc], basic_altar
D:9:      layout_roguey, overflow_temple_1_default,
          lemuel_coloured_pillars_altar
D:10:     layout_cave_pools, serial_shops,
          nicolae_shop_temple_entry_statues_fountains, enter_trove_3, uniq_grum,
          uniq_harold, uniq_urug

Skill      XL: |  1  2  3  4  5  6  7  8  9 10 11 |
---------------+----------------------------------+-----
Axes           | 4 5 6 8 9 |  9.1
Fighting       | 4 5 7 9 11 | 11.3
Dodging        | 3 4 5 6 7 8 |  8.0
Armour         | 3 5 6 9 11 | 11.4
Shields        | 2 6 7 |  7.4

Action                   |  1- 3 |  4- 6 |  7- 9 | 10-12 || total
-------------------------+-------+-------+-------+-------++-------
Melee: Hand axe          |   100 |    86 |   390 |   217 ||   793
       Headbutt          |    13 |    16 |    79 |    77 ||   185
       Battleaxe         |       |       |       |    45 ||    45
Invok: Berserk           |       |     3 |     9 |     7 ||    19
       Trog's Hand       |       |     1 |     5 |     4 ||    10
       Brothers in Arms  |       |       |       |     2 ||     2
  Use: Scroll            |       |     5 |     8 |       ||    13
Armor: Animal skin       |    23 |    12 |       |       ||    35
       Ring mail         |       |    21 |    75 |       ||    96
       Chain mail        |       |       |    65 |     5 ||    70
       Plate armour      |       |       |       |    73 ||    73
Dodge: Dodged            |    76 |    78 |   231 |    75 ||   460
Block: Other             |       |       |    40 |    16 ||    56
       Kite shield       |       |       |       |   125 ||   125
       Reflection        |       |       |       |     5 ||     5
